Arizona Coyotes vs Philadelphia Flyers
Created - Friday, August 16, 2024 at 08:08
Goals
|
| Arizona Coyotes |
0 |
1 |
3 |
4 |
| Philadelphia Flyers |
0 |
3 |
0 |
3 |
|
Shots
|
| Arizona Coyotes |
10 |
9 |
15 |
34 |
| Philadelphia Flyers |
12 |
23 |
7 |
42 |
|
1st period
No Goal
Penalties :
Justin Faulk (PHI) for Roughing (Minor) at 0:21, Ross Colton (AZC) for Hooking (Minor) at 7:26
2nd period
1. Philadelphia Flyers , Auston Matthews 1 (Bryan Rust 1, Vladimir Tarasenko 1) at 3:08
2. Philadelphia Flyers , Matt Duchene 2 (Jack McBain 1, Alexander Wennberg 1) at 3:52 (PP)
3. Arizona Coyotes , Erik Haula 1 (Mason McTavish 1, Brandon Tanev 1) at 6:51
4. Philadelphia Flyers , Bryan Rust 2 (Matt Roy 1, Auston Matthews 2) at 17:27
Penalties :
Radko Gudas (AZC) for Roughing (Minor) at 3:17, Matt Dumba (AZC) for Tripping (Minor) at 13:57, Mason McTavish (AZC) for Interference (Minor) at 17:33
3rd period
5. Arizona Coyotes , Tyler Seguin 1 (Jared Spurgeon 1, Charlie Coyle 1) at 9:38
6. Arizona Coyotes , Jared Spurgeon 1 (Charlie Coyle 2) at 12:05
7. Arizona Coyotes , Jani Hakanpaa 1 (Jared Spurgeon 2, Ondrej Palat 1) at 17:07
Penalties :
Tyler Seguin (AZC) for Tripping (Minor) at 0:11, Ben Chiarot (PHI) for Hooking (Minor) at 6:02
Goalie Stats
Petr Mrazek (AZC), 39 saves from 42 shots - (0.929), W, 1-1-0, 60:00 minutes
Jake Allen (PHI), 30 saves from 34 shots - (0.882), L, 0-1-0, 58:36 minutes
Players Stats for Arizona Coyotes
Player Name G A P +/- PIM S H SB GA TA FO MP PP MP PK MP
------------------------------------------------------------------------------------
Anthony Deangelo 0 0 0 -1 0 1 0 0 0 0 0/0 12:50 0:34 0:44
Brandon Tanev 0 1 1 1 0 0 0 0 0 0 0/1 15:11 1:41 0:27
Brayden McNabb 0 0 0 0 0 0 1 1 0 2 0/0 20:48 1:33 4:05
Charlie Coyle 0 2 2 2 0 4 1 1 0 0 17/32 22:29 2:17 4:01
Erik Haula 1 0 1 1 0 2 0 1 0 2 0/0 14:44 1:41 0:00
Jakob Silfverberg 0 0 0 0 0 0 0 0 0 0 0/0 6:40 0:00 0:00
Jani Hakanpaa 1 0 1 3 0 1 2 0 0 1 0/0 26:57 1:51 4:17
Jared Spurgeon 1 2 3 3 0 2 0 2 2 2 0/0 27:05 1:49 4:26
Mark Jankowski 0 0 0 0 0 2 0 1 1 0 0/0 6:40 0:00 0:00
Mason McTavish 0 1 1 1 2 2 0 0 1 0 10/20 17:54 1:41 3:11
Mats Zuccarello 0 0 0 2 0 5 4 2 0 0 0/1 22:29 2:17 4:01
Matt Dumba 0 0 0 -1 2 1 1 3 0 0 0/0 12:49 0:36 0:00
Ondrej Palat 0 1 1 0 0 1 0 0 1 0 0/0 6:40 0:00 0:00
Radko Gudas 0 0 0 0 2 3 3 3 1 1 0/0 20:12 1:33 3:30
Ross Colton 0 0 0 -1 2 2 1 0 1 1 2/5 11:38 0:00 0:00
Ryan Donato 0 0 0 -1 0 4 0 0 1 0 0/0 12:06 0:00 0:29
Tyler Seguin 1 0 1 2 2 2 2 0 0 2 1/6 21:01 2:17 3:19
Zach Parise 0 0 0 -1 0 2 0 0 0 1 1/2 13:11 0:00 1:34
Players Stats for Philadelphia Flyers
Player Name G A P +/- PIM S H SB GA TA FO MP PP MP PK MP
------------------------------------------------------------------------------------
Alexander Wennberg 0 1 1 -1 0 4 1 1 1 1 0/1 17:37 4:15 1:56
Andrew Copp 0 0 0 -1 0 2 1 0 1 1 6/12 15:36 4:12 0:00
Auston Matthews 1 1 2 2 0 8 0 0 2 1 8/11 15:18 4:16 0:00
Ben Chiarot 0 0 0 0 2 0 7 0 0 0 0/0 15:28 0:00 0:00
Bryan Rust 1 1 2 2 0 2 1 1 0 0 0/0 15:18 4:16 0:00
Casey Cizikas 0 0 0 -2 0 1 6 0 1 0 7/19 16:25 0:06 2:02
Connor Murphy 0 0 0 0 0 2 2 0 0 2 0/0 16:10 0:00 2:11
Jack McBain 0 1 1 -2 0 1 3 1 0 0 0/1 18:23 4:22 0:00
Jonas Brodin 0 0 0 -2 0 0 0 2 0 0 0/0 24:04 4:22 1:47
Justin Faulk 0 0 0 -2 2 2 3 1 0 0 0/0 22:44 4:09 0:39
Matt Duchene 1 0 1 -1 0 4 0 0 2 0 1/2 15:27 4:12 0:00
Matt Roy 0 1 1 0 0 2 0 2 0 1 0/0 17:07 0:00 2:12
Radek Faksa 0 0 0 -1 0 1 1 1 0 1 14/19 13:13 0:00 1:56
Sean Kuraly 0 0 0 -1 0 3 4 1 1 0 0/0 14:35 0:03 2:02
Sonny Milano 0 0 0 -1 0 4 0 0 2 0 0/0 11:17 0:00 0:00
Trevor van Riemsdyk 0 0 0 0 0 0 1 1 0 0 0/0 14:55 0:00 1:07
Tyler Johnson 0 0 0 -2 0 5 0 0 2 1 0/2 17:08 4:09 0:00
Vladimir Tarasenko 0 1 1 2 0 1 0 0 0 0 0/0 15:15 4:13 0:00
3 Stars
1 - Jared Spurgeon (AZC)
2 - Jani Hakanpaa (AZC)
3 - Bryan Rust (PHI)
Power Play
Arizona Coyotes - 0 on 2 Attempt(s) - 0.00%
Philadelphia Flyers - 1 on 5 Attempt(s) - 20.00%
Penalty Kill
Arizona Coyotes - 4 on 5 Attempt(s) - 80.00%
- Score 0 goal in Penalty Kill
Philadelphia Flyers - 2 on 2 Attempt(s) - 100.00%
- Score 0 goal in Penalty Kill
Team Stat
Arizona Coyotes - Hits : 15 - Faceoff Wins : 31 - Blocked Shots : 14 - Penalty Minutes : 10
Philadelphia Flyers - Hits : 30 - Faceoff Wins : 36 - Blocked Shots : 11 - Penalty Minutes : 4
Official
Referees : Morgan Macphee and Corey Syvret
Linesman : Scott Cherrey and Bevan Mills
Game Notes
No Game Note
Finance
Level 1 -- Attendance: 5729 (95.48%) -- Ticket Income $521,339
Level 2 -- Attendance: 4606 (92.12%) -- Ticket Income $239,512
Level 3 -- Attendance: 2867 (95.57%) -- Ticket Income $80,276
Level 4 -- Attendance: 5000 (100.00%) -- Ticket Income $90,000
Luxury Box -- Attendance: 948 (94.80%) -- Ticket Income $180,120
Game was played at the Wells Fargo Center.
Total Attendance: 19150 (95.75%)
Total Ticket Income: $1,111,247
Other Income: $388,936
Total Income: $1,500,183
Arizona Coyotes
5 vs 5 Forward
Center Left Wing Right Wing Time % Phy DF OF
1 Charlie Coyle Mats Zuccarello Tyler Seguin 35 1 2 2
2 Mason McTavish Erik Haula Brandon Tanev 30 1 2 2
3 Ross Colton Zach Parise Ryan Donato 25 1 2 2
4 Mark Jankowski Jakob Silfverberg Ondrej Palat 10 1 2 2
5 vs 5 Defense
Defense Defense Time % Phy DF OF
1 Jared Spurgeon Jani Hakanpaa 35 1 2 2
2 Radko Gudas Brayden McNabb 30 1 2 2
3 Matt Dumba Anthony Deangelo 25 1 2 2
4 Jared Spurgeon Jani Hakanpaa 10 1 2 2
PowerPlay Forward
Center Left Wing Right Wing Time % Phy DF OF
1 Charlie Coyle Mats Zuccarello Tyler Seguin 55 0 2 3
2 Mason McTavish Erik Haula Brandon Tanev 45 1 2 2
PowerPlay Defense
Defense Defense Time % Phy DF OF
1 Jared Spurgeon Jani Hakanpaa 55 1 2 2
2 Radko Gudas Brayden McNabb 45 1 2 2
Penalty Kill 4 Players Forward
Center Wing Time % Phy DF OF
1 Charlie Coyle Mats Zuccarello 50 1 2 2
2 Tyler Seguin Mason McTavish 50 1 2 2
Penalty Kill 4 Players Defense
Defense Defense Time % Phy DF OF
1 Jared Spurgeon Jani Hakanpaa 50 1 3 1
2 Radko Gudas Brayden McNabb 50 1 3 1
Penalty Kill - 3 Players Forward
Forward Time % Phy DF OF
1 Charlie Coyle 50 1 2 2
2 Mats Zuccarello 50 1 2 2
Penalty Kill - 3 Players Defense
Defense Defense Time % Phy DF OF
1 Jared Spurgeon Jani Hakanpaa 50 1 2 2
2 Radko Gudas Brayden McNabb 50 1 2 2
4 vs 4 Forward
Center Wing Time % Phy DF OF
1 Charlie Coyle Mats Zuccarello 50 1 2 2
2 Tyler Seguin Mason McTavish 50 1 2 2
4 vs 4 Defense
Defense Defense Time % Phy DF OF
1 Jared Spurgeon Jani Hakanpaa 50 1 2 2
2 Radko Gudas Brayden McNabb 50 1 2 2
Last Minutes Offensive
Center Left Wing Right Wing Defense Defense
Charlie Coyle Mats Zuccarello Tyler Seguin Jared Spurgeon Jani Hakanpaa
Last Minutes Defensive
Center Left Wing Right Wing Defense Defense
Charlie Coyle Mats Zuccarello Tyler Seguin Jared Spurgeon Jani Hakanpaa
Goaltenders
Starting : Petr Mrazek
Backup : Carter Hart
Extra Forwards
Normal : Ross Colton, Ryan Donato, Zach Parise - PP : Ross Colton, Ryan Donato - PK : Zach Parise
Extra Defensemen
Normal : Matt Dumba, Anthony Deangelo, Radko Gudas - PP : Matt Dumba - PK : Anthony Deangelo, Radko Gudas
Penalty Shots
Charlie Coyle, Mats Zuccarello, Tyler Seguin, Mason McTavish, Erik Haula
Scratches
Jayden Struble (Healthy), Scott Reedy (Healthy), Corson Ceulemans (Healthy), Elvis Merzlikins (Healthy)
Philadelphia Flyers
5 vs 5 Forward
Center Left Wing Right Wing Time % Phy DF OF
1 Auston Matthews Bryan Rust Vladimir Tarasenko 25 0 3 2
2 Andrew Copp Matt Duchene Alexander Wennberg 25 0 3 2
3 Casey Cizikas Tyler Johnson Jack McBain 25 1 3 1
4 Radek Faksa Sean Kuraly Sonny Milano 25 1 3 1
5 vs 5 Defense
Defense Defense Time % Phy DF OF
1 Justin Faulk Jonas Brodin 35 1 3 1
2 Matt Roy Ben Chiarot 35 1 3 1
3 Connor Murphy Trevor van Riemsdyk 30 1 3 1
4 Justin Faulk Jonas Brodin 0 1 3 1
PowerPlay Forward
Center Left Wing Right Wing Time % Phy DF OF
1 Auston Matthews Bryan Rust Vladimir Tarasenko 50 0 1 4
2 Andrew Copp Matt Duchene Alexander Wennberg 50 0 1 4
PowerPlay Defense
Defense Defense Time % Phy DF OF
1 Justin Faulk Tyler Johnson 50 0 2 3
2 Jonas Brodin Jack McBain 50 0 2 3
Penalty Kill 4 Players Forward
Center Wing Time % Phy DF OF
1 Casey Cizikas Sean Kuraly 50 1 3 1
2 Radek Faksa Alexander Wennberg 50 1 3 1
Penalty Kill 4 Players Defense
Defense Defense Time % Phy DF OF
1 Justin Faulk Jonas Brodin 50 0 4 1
2 Matt Roy Connor Murphy 50 0 4 1
Penalty Kill - 3 Players Forward
Forward Time % Phy DF OF
1 Casey Cizikas 50 1 4 0
2 Radek Faksa 50 1 4 0
Penalty Kill - 3 Players Defense
Defense Defense Time % Phy DF OF
1 Justin Faulk Jonas Brodin 50 1 4 0
2 Matt Roy Connor Murphy 50 1 4 0
4 vs 4 Forward
Center Wing Time % Phy DF OF
1 Auston Matthews Bryan Rust 50 0 3 2
2 Andrew Copp Vladimir Tarasenko 50 0 3 2
4 vs 4 Defense
Defense Defense Time % Phy DF OF
1 Justin Faulk Jonas Brodin 50 0 3 2
2 Matt Roy Ben Chiarot 50 0 3 2
Last Minutes Offensive
Center Left Wing Right Wing Defense Defense
Auston Matthews Bryan Rust Vladimir Tarasenko Justin Faulk Jonas Brodin
Last Minutes Defensive
Center Left Wing Right Wing Defense Defense
Casey Cizikas Radek Faksa Alexander Wennberg Justin Faulk Jonas Brodin
Goaltenders
Starting : Jake Allen
Backup : Connor Ingram
Extra Forwards
Normal : Jack McBain, Casey Cizikas, Tyler Johnson - PP : Jack McBain, Casey Cizikas - PK : Tyler Johnson
Extra Defensemen
Normal : Connor Murphy, Trevor van Riemsdyk, Jonas Brodin - PP : Connor Murphy - PK : Trevor van Riemsdyk, Jonas Brodin
Penalty Shots
Auston Matthews, Matt Duchene, Bryan Rust, Vladimir Tarasenko, Alexander Wennberg
Scratches
Marcus Johansson (Healthy), Louis Crevier (Healthy), Matt Rempe (Healthy), Jesper Fast (Healthy), Daniil Misyul (Healthy)
% Time on Ice - Arizona Coyotes
Lines # - Real PCT - Wanted PCT - Time Play
Normal Forward
1 - 33% - 35% - 15:17
2 - 28% - 30% - 13:03
3 - 25% - 25% - 11:37
4 - 14% - 10% - 6:40
Normal Defense
1 - 37% - 35% - 17:19
2 - 32% - 30% - 14:53
3 - 25% - 25% - 11:31
4 - 6% - 10% - 2:54
PP Forward
1 - 58% - 55% - 2:17
2 - 42% - 45% - 1:41
PP Defense
1 - 61% - 55% - 2:25
2 - 39% - 45% - 1:33
PK Forward
1 - 47% - 50% - 4:01
2 - 53% - 50% - 4:30
PK Defense
1 - 52% - 50% - 4:26
2 - 48% - 50% - 4:05
PK3 Forward
1 - 0% - 50%
2 - 0% - 50%
PK3 Defense
1 - 0% - 50%
2 - 0% - 50%
44 Forward
1 - 0% - 50%
2 - 0% - 50%
44 Defense
1 - 0% - 50%
2 - 0% - 50%
Last Minute Offensive - 0:00
Last Minute Defensive - 0:54
Total
Forward - 60:00
Defense - 60:00
|
% Time on Ice - Philadelphia Flyers
Lines # - Real PCT - Wanted PCT - Time Play
Normal Forward
1 - 24% - 25% - 11:11
2 - 25% - 25% - 11:37
3 - 27% - 25% - 12:28
4 - 24% - 25% - 11:17
Normal Defense
1 - 35% - 35% - 16:06
2 - 36% - 35% - 16:39
3 - 30% - 30% - 13:48
4 - 0% - 0% - 0:00
PP Forward
1 - 50% - 50% - 4:16
2 - 50% - 50% - 4:15
PP Defense
1 - 49% - 50% - 4:09
2 - 51% - 50% - 4:22
PK Forward
1 - 51% - 50% - 2:02
2 - 49% - 50% - 1:56
PK Defense
1 - 45% - 50% - 1:47
2 - 55% - 50% - 2:11
PK3 Forward
1 - 0% - 50%
2 - 0% - 50%
PK3 Defense
1 - 0% - 50%
2 - 0% - 50%
44 Forward
1 - 0% - 50%
2 - 0% - 50%
44 Defense
1 - 0% - 50%
2 - 0% - 50%
Last Minute Offensive - 0:58
Last Minute Defensive - 0:00
Total
Forward - 60:00
Defense - 60:00
|
Play-by-Play
1st period
0:01 of 1st period - Auston Matthews wins face-off versus Charlie Coyle in neutral zone.
0:06 of 1st period - Charlie Coyle is hit by Bryan Rust and loses puck.
0:21 of 1st period - Minor Penalty to Justin Faulk for Roughing.
0:22 of 1st period - Charlie Coyle wins face-off versus Casey Cizikas in Philadelphia Flyers zone.
0:54 of 1st period - Off-side.
0:55 of 1st period - Tyler Seguin wins face-off versus Casey Cizikas in neutral zone.
1:28 of 1st period - Snap shot by Erik Haula.
1:28 of 1st period - Shot Misses the Net.
2:21 of 1st period - Penalty to Justin Faulk is over, Justin Faulk is back on ice.
2:57 of 1st period - Anthony Deangelo is hit by Ben Chiarot and loses puck.
3:06 of 1st period - Zach Parise is hit by Casey Cizikas and loses puck.
3:19 of 1st period - Slapshot by Casey Cizikas.
3:19 of 1st period - Shot Misses the Net.
3:27 of 1st period - Wrist shot by Ryan Donato.
3:27 of 1st period - Stopped by Jake Allen without a rebound.
3:28 of 1st period - Mason McTavish wins face-off versus Alexander Wennberg in Philadelphia Flyers zone.
3:29 of 1st period - Snap shot by Erik Haula.
3:29 of 1st period - Shot Misses the Net.
3:32 of 1st period - Icing by Jonas Brodin.
3:33 of 1st period - Mason McTavish wins face-off versus Andrew Copp in Philadelphia Flyers zone.
3:38 of 1st period - Snap shot by Erik Haula.
3:38 of 1st period - Shot Blocked by Jonas Brodin.
4:27 of 1st period - Icing by Connor Murphy.
4:28 of 1st period - Mason McTavish wins face-off versus Andrew Copp in Philadelphia Flyers zone.
4:33 of 1st period - Snap shot by Mason McTavish.
4:33 of 1st period - Stopped by Jake Allen with a rebound.
4:35 of 1st period - Slapshot by Radko Gudas.
4:35 of 1st period - Shot Misses the Net.
4:37 of 1st period - Slapshot by Radko Gudas.
4:37 of 1st period - Shot Misses the Net.
4:39 of 1st period - Wrist shot by Erik Haula.
4:39 of 1st period - Shot Misses the Net.
4:41 of 1st period - Slapshot by Radko Gudas.
4:41 of 1st period - Stopped by Jake Allen with a rebound.
4:43 of 1st period - Slapshot by Radko Gudas.
4:43 of 1st period - Stopped by Jake Allen with a rebound.
4:59 of 1st period - Snap shot by Auston Matthews.
4:59 of 1st period - Stopped by Petr Mrazek with a rebound.
5:01 of 1st period - Slapshot by Trevor van Riemsdyk.
5:01 of 1st period - Deflect By Auston Matthews.
5:01 of 1st period - Shot Blocked by Radko Gudas.
5:01 of 1st period - Puck is out of play.
5:02 of 1st period - Mason McTavish wins face-off versus Casey Cizikas in Arizona Coyotes zone.
5:02 of 1st period - Mason McTavish is hit by Casey Cizikas.
5:16 of 1st period - Snap shot by Erik Haula.
5:16 of 1st period - Stopped by Jake Allen with a rebound.
5:28 of 1st period - Justin Faulk is hit by Mats Zuccarello and loses puck.
6:54 of 1st period - Jared Spurgeon is hit by Sean Kuraly and loses puck.
7:13 of 1st period - Wrist shot by Matt Duchene.
7:13 of 1st period - Shot Misses the Net.
7:15 of 1st period - Slapshot by Connor Murphy.
7:15 of 1st period - Stopped by Petr Mrazek with a rebound.
7:26 of 1st period - Minor Penalty to Ross Colton for Hooking.
7:27 of 1st period - Charlie Coyle wins face-off versus Auston Matthews in Arizona Coyotes zone.
7:55 of 1st period - Snap shot by Auston Matthews.
7:55 of 1st period - Stopped by Petr Mrazek with a rebound.
8:27 of 1st period - Snap shot by Auston Matthews.
8:27 of 1st period - Stopped by Petr Mrazek with a rebound.
8:29 of 1st period - Snap shot by Bryan Rust.
8:29 of 1st period - Stopped by Petr Mrazek without a rebound.
8:30 of 1st period - Andrew Copp wins face-off versus Tyler Seguin in Arizona Coyotes zone.
8:41 of 1st period - Wrist shot by Mats Zuccarello.
8:41 of 1st period - Deflect By Charlie Coyle.
8:41 of 1st period - Stopped by Jake Allen with a rebound.
9:26 of 1st period - Penalty to Ross Colton is over, Ross Colton is back on ice.
10:11 of 1st period - Ben Chiarot is hit by Ross Colton and loses puck.
10:32 of 1st period - Wrist shot by Mason McTavish.
10:32 of 1st period - Shot Misses the Net.
11:17 of 1st period - Charlie Coyle is hit by Jack McBain and loses puck.
11:48 of 1st period - Snap shot by Ryan Donato.
11:48 of 1st period - Shot Misses the Net.
12:06 of 1st period - Bryan Rust is hit by Jani Hakanpaa and loses puck.
12:15 of 1st period - Backhand shot by Ondrej Palat.
12:15 of 1st period - Shot Blocked by Matt Roy.
12:58 of 1st period - Wrist shot by Zach Parise.
12:58 of 1st period - Stopped by Jake Allen without a rebound.
12:59 of 1st period - Radek Faksa wins face-off versus Ross Colton in Philadelphia Flyers zone.
13:09 of 1st period - Snap shot by Ryan Donato.
13:09 of 1st period - Stopped by Jake Allen with a rebound.
13:25 of 1st period - Matt Duchene is hit by Charlie Coyle and loses puck.
14:08 of 1st period - Wrist shot by Sean Kuraly.
14:08 of 1st period - Stopped by Petr Mrazek without a rebound.
14:09 of 1st period - Radek Faksa wins face-off versus Mason McTavish in Arizona Coyotes zone.
14:34 of 1st period - Wrist shot by Sean Kuraly.
14:34 of 1st period - Shot Misses the Net.
14:36 of 1st period - Wrist shot by Connor Murphy.
14:36 of 1st period - Shot Misses the Net.
14:38 of 1st period - Snap shot by Sonny Milano.
14:38 of 1st period - Stopped by Petr Mrazek with a rebound.
14:40 of 1st period - Slapshot by Sean Kuraly.
14:40 of 1st period - Shot Misses the Net.
14:42 of 1st period - Slapshot by Connor Murphy.
14:42 of 1st period - Deflect By Sonny Milano.
14:42 of 1st period - Shot Misses the Net.
14:42 of 1st period - Puck is out of play.
14:43 of 1st period - Zach Parise wins face-off versus Casey Cizikas in Arizona Coyotes zone.
15:15 of 1st period - Slapshot by Andrew Copp.
15:15 of 1st period - Shot Misses the Net.
15:17 of 1st period - Slapshot by Justin Faulk.
15:17 of 1st period - Deflect By Mason McTavish.
15:17 of 1st period - Stopped by Petr Mrazek with a rebound.
15:19 of 1st period - Snap shot by Alexander Wennberg.
15:19 of 1st period - Stopped by Petr Mrazek without a rebound.
15:20 of 1st period - Radek Faksa wins face-off versus Charlie Coyle in Arizona Coyotes zone.
15:45 of 1st period - Jani Hakanpaa is hit by Jack McBain and loses puck.
16:55 of 1st period - Wrist shot by Sonny Milano.
16:55 of 1st period - Shot Misses the Net.
18:10 of 1st period - Snap shot by Auston Matthews.
18:10 of 1st period - Shot Blocked by Charlie Coyle.
18:12 of 1st period - Wrist shot by Auston Matthews.
18:12 of 1st period - Stopped by Petr Mrazek without a rebound.
18:13 of 1st period - Casey Cizikas wins face-off versus Mason McTavish in Arizona Coyotes zone.
18:16 of 1st period - Snap shot by Tyler Johnson.
18:16 of 1st period - Shot Blocked by Jared Spurgeon.
18:45 of 1st period - Wrist shot by Mats Zuccarello.
18:45 of 1st period - Stopped by Jake Allen without a rebound.
18:46 of 1st period - Radek Faksa wins face-off versus Charlie Coyle in Philadelphia Flyers zone.
18:46 of 1st period - Radek Faksa is hit by Tyler Seguin.
19:00 of 1st period - Snap shot by Radek Faksa.
19:00 of 1st period - Stopped by Petr Mrazek without a rebound.
19:01 of 1st period - Mason McTavish wins face-off versus Andrew Copp in Arizona Coyotes zone.
19:37 of 1st period - Slapshot by Mats Zuccarello.
19:37 of 1st period - Stopped by Jake Allen without a rebound.
19:38 of 1st period - Radek Faksa wins face-off versus Ross Colton in Philadelphia Flyers zone.
19:45 of 1st period - Wrist shot by Sean Kuraly.
19:45 of 1st period - Stopped by Petr Mrazek without a rebound.
19:46 of 1st period - Ross Colton wins face-off versus Radek Faksa in Arizona Coyotes zone.
19:50 of 1st period - Off-side.
19:51 of 1st period - Charlie Coyle wins face-off versus Matt Duchene in neutral zone.
Goals for this period are 0 for Arizona Coyotes vs 0 for Philadelphia Flyers.
Shots for this period are 10 for Arizona Coyotes vs 12 for Philadelphia Flyers.
2nd period
0:01 of 2nd period - Charlie Coyle wins face-off versus Casey Cizikas in neutral zone.
0:03 of 2nd period - Off-side.
0:04 of 2nd period - Charlie Coyle wins face-off versus Tyler Johnson in neutral zone.
0:33 of 2nd period - Wrist shot by Andrew Copp.
0:33 of 2nd period - Stopped by Petr Mrazek with a rebound.
1:05 of 2nd period - Andrew Copp is hit by Brayden McNabb and loses puck.
1:20 of 2nd period - Snap shot by Andrew Copp.
1:20 of 2nd period - Stopped by Petr Mrazek without a rebound.
1:21 of 2nd period - Auston Matthews wins face-off versus Charlie Coyle in Arizona Coyotes zone.
1:44 of 2nd period - Backhand shot by Auston Matthews.
1:44 of 2nd period - Stopped by Petr Mrazek with a rebound.
1:46 of 2nd period - Slapshot by Connor Murphy.
1:46 of 2nd period - Shot Blocked by Matt Dumba.
1:48 of 2nd period - Snap shot by Connor Murphy.
1:48 of 2nd period - Deflect By Auston Matthews.
1:48 of 2nd period - Shot Blocked by Matt Dumba.
1:48 of 2nd period - Puck is out of play.
1:49 of 2nd period - Radek Faksa wins face-off versus Mason McTavish in Arizona Coyotes zone.
1:50 of 2nd period - Wrist shot by Sonny Milano.
1:50 of 2nd period - Stopped by Petr Mrazek without a rebound.
1:51 of 2nd period - Radek Faksa wins face-off versus Mason McTavish in Arizona Coyotes zone.
1:58 of 2nd period - Slapshot by Sonny Milano.
1:58 of 2nd period - Stopped by Petr Mrazek without a rebound.
1:59 of 2nd period - Radek Faksa wins face-off versus Mason McTavish in Arizona Coyotes zone.
2:09 of 2nd period - Off-side.
2:10 of 2nd period - Casey Cizikas wins face-off versus Charlie Coyle in neutral zone.
2:17 of 2nd period - Wrist shot by Casey Cizikas.
2:17 of 2nd period - Stopped by Petr Mrazek without a rebound.
2:18 of 2nd period - Charlie Coyle wins face-off versus Casey Cizikas in Arizona Coyotes zone.
2:23 of 2nd period - Wrist shot by Charlie Coyle.
2:23 of 2nd period - Stopped by Jake Allen with a rebound.
2:31 of 2nd period - Snap shot by Tyler Johnson.
2:31 of 2nd period - Shot Misses the Net.
2:33 of 2nd period - Wrist shot by Casey Cizikas.
2:33 of 2nd period - Shot Misses the Net.
2:53 of 2nd period - Erik Haula is hit by Justin Faulk and loses puck.
3:08 of 2nd period - Wrist shot by Auston Matthews.
3:08 of 2nd period - Goal by Auston Matthews - Arizona Coyotes : 0 - Philadelphia Flyers : 1.
3:09 of 2nd period - Radek Faksa wins face-off versus Mason McTavish in neutral zone.
3:17 of 2nd period - Minor Penalty to Radko Gudas for Roughing.
3:18 of 2nd period - Charlie Coyle wins face-off versus Andrew Copp in Arizona Coyotes zone.
3:50 of 2nd period - Snap shot by Matt Duchene.
3:50 of 2nd period - Stopped by Petr Mrazek with a rebound.
3:52 of 2nd period - Wrist shot by Matt Duchene.
3:52 of 2nd period - Goal by Matt Duchene - Arizona Coyotes : 0 - Philadelphia Flyers : 2.
3:53 of 2nd period - Charlie Coyle wins face-off versus Auston Matthews in neutral zone.
4:20 of 2nd period - Tyler Johnson is hit by Radko Gudas and loses puck.
5:12 of 2nd period - Wrist shot by Ondrej Palat.
5:12 of 2nd period - Stopped by Jake Allen with a rebound.
5:14 of 2nd period - Snap shot by Anthony Deangelo.
5:14 of 2nd period - Stopped by Jake Allen without a rebound.
5:15 of 2nd period - Andrew Copp wins face-off versus Tyler Seguin in Philadelphia Flyers zone.
5:28 of 2nd period - Wrist shot by Alexander Wennberg.
5:28 of 2nd period - Shot Blocked by Mats Zuccarello.
5:30 of 2nd period - Snap shot by Matt Duchene.
5:30 of 2nd period - Stopped by Petr Mrazek without a rebound.
5:31 of 2nd period - Casey Cizikas wins face-off versus Mason McTavish in Arizona Coyotes zone.
5:32 of 2nd period - Wrist shot by Tyler Johnson.
5:32 of 2nd period - Deflect By Casey Cizikas.
5:32 of 2nd period - Shot Misses the Net.
5:32 of 2nd period - Puck is out of play.
5:33 of 2nd period - Mason McTavish wins face-off versus Casey Cizikas in Arizona Coyotes zone.
5:33 of 2nd period - Mason McTavish is hit by Casey Cizikas.
6:06 of 2nd period - Snap shot by Mats Zuccarello.
6:06 of 2nd period - Deflect By Vladimir Tarasenko.
6:06 of 2nd period - Stopped by Jake Allen with a rebound.
6:20 of 2nd period - Jared Spurgeon is hit by Sean Kuraly.
6:27 of 2nd period - Off-side.
6:28 of 2nd period - Matt Duchene wins face-off versus Charlie Coyle in neutral zone.
6:33 of 2nd period - Tyler Seguin is hit by Alexander Wennberg and loses puck.
6:40 of 2nd period - Wrist shot by Alexander Wennberg.
6:40 of 2nd period - Stopped by Petr Mrazek without a rebound.
6:41 of 2nd period - Mason McTavish wins face-off versus Radek Faksa in Arizona Coyotes zone.
6:41 of 2nd period - Mason McTavish is hit by Connor Murphy.
6:47 of 2nd period - Wrist shot by Mason McTavish.
6:47 of 2nd period - Shot Blocked by Radek Faksa.
6:49 of 2nd period - Slapshot by Mason McTavish.
6:49 of 2nd period - Shot Blocked by Sean Kuraly.
6:51 of 2nd period - Wrist shot by Erik Haula.
6:51 of 2nd period - Goal by Erik Haula - Arizona Coyotes : 1 - Philadelphia Flyers : 2.
6:52 of 2nd period - Charlie Coyle wins face-off versus Casey Cizikas in neutral zone.
7:42 of 2nd period - Slapshot by Matt Duchene.
7:42 of 2nd period - Shot Misses the Net.
7:44 of 2nd period - Wrist shot by Connor Murphy.
7:44 of 2nd period - Stopped by Petr Mrazek without a rebound.
7:45 of 2nd period - Radek Faksa wins face-off versus Ross Colton in Arizona Coyotes zone.
7:59 of 2nd period - Snap shot by Sonny Milano.
7:59 of 2nd period - Stopped by Petr Mrazek with a rebound.
8:01 of 2nd period - Wrist shot by Matt Roy.
8:01 of 2nd period - Stopped by Petr Mrazek with a rebound.
8:11 of 2nd period - Andrew Copp is hit by Radko Gudas and loses puck.
8:28 of 2nd period - Mats Zuccarello is hit by Casey Cizikas.
9:02 of 2nd period - Sean Kuraly is hit by Matt Dumba and loses puck.
9:40 of 2nd period - Wrist shot by Matt Duchene.
9:40 of 2nd period - Shot Blocked by Mats Zuccarello.
9:42 of 2nd period - Snap shot by Alexander Wennberg.
9:42 of 2nd period - Shot Misses the Net.
9:44 of 2nd period - Wrist shot by Matt Duchene.
9:44 of 2nd period - Stopped by Petr Mrazek with a rebound.
9:46 of 2nd period - Snap shot by Alexander Wennberg.
9:46 of 2nd period - Stopped by Petr Mrazek with a rebound.
9:48 of 2nd period - Slapshot by Matt Duchene.
9:48 of 2nd period - Shot Misses the Net.
10:08 of 2nd period - Snap shot by Vladimir Tarasenko.
10:08 of 2nd period - Stopped by Petr Mrazek without a rebound.
10:09 of 2nd period - Ross Colton wins face-off versus Radek Faksa in Arizona Coyotes zone.
10:36 of 2nd period - Mats Zuccarello is hit by Justin Faulk.
11:08 of 2nd period - Brandon Tanev is hit by Ben Chiarot and loses puck.
11:31 of 2nd period - Mark Jankowski is hit by Andrew Copp and loses puck.
11:54 of 2nd period - Radko Gudas is hit by Sean Kuraly and loses puck.
12:10 of 2nd period - Ross Colton is hit by Trevor van Riemsdyk and loses puck.
12:27 of 2nd period - Wrist shot by Charlie Coyle.
12:27 of 2nd period - Deflect By Casey Cizikas.
12:27 of 2nd period - Stopped by Jake Allen with a rebound.
12:29 of 2nd period - Wrist shot by Tyler Seguin.
12:29 of 2nd period - Shot Blocked by Trevor van Riemsdyk.
12:31 of 2nd period - Slapshot by Matt Dumba.
12:31 of 2nd period - Stopped by Jake Allen with a rebound.
12:33 of 2nd period - Slapshot by Tyler Seguin.
12:33 of 2nd period - Stopped by Jake Allen without a rebound.
12:34 of 2nd period - Andrew Copp wins face-off versus Mats Zuccarello in Philadelphia Flyers zone.
12:59 of 2nd period - Mason McTavish is hit by Casey Cizikas and loses puck.
13:05 of 2nd period - Icing by Jani Hakanpaa.
13:06 of 2nd period - Mason McTavish wins face-off versus Radek Faksa in Arizona Coyotes zone.
13:53 of 2nd period - Zach Parise is hit by Casey Cizikas and loses puck.
13:57 of 2nd period - Minor Penalty to Matt Dumba for Tripping.
13:58 of 2nd period - Auston Matthews wins face-off versus Tyler Seguin in Arizona Coyotes zone.
14:28 of 2nd period - Slapshot by Tyler Johnson.
14:28 of 2nd period - Stopped by Petr Mrazek without a rebound.
14:29 of 2nd period - Andrew Copp wins face-off versus Tyler Seguin in Arizona Coyotes zone.
14:34 of 2nd period - Snap shot by Matt Duchene.
14:34 of 2nd period - Shot Misses the Net.
14:36 of 2nd period - Snap shot by Tyler Johnson.
14:36 of 2nd period - Shot Blocked by Jared Spurgeon.
14:38 of 2nd period - Slapshot by Justin Faulk.
14:38 of 2nd period - Stopped by Petr Mrazek with a rebound.
14:40 of 2nd period - Slapshot by Tyler Johnson.
14:40 of 2nd period - Stopped by Petr Mrazek with a rebound.
15:57 of 2nd period - Penalty to Matt Dumba is over, Matt Dumba is back on ice.
16:39 of 2nd period - Wrist shot by Charlie Coyle.
16:39 of 2nd period - Stopped by Jake Allen without a rebound.
16:40 of 2nd period - Mason McTavish wins face-off versus Auston Matthews in Philadelphia Flyers zone.
16:55 of 2nd period - Jared Spurgeon is hit by Ben Chiarot and loses puck.
17:18 of 2nd period - Matt Dumba is hit by Ben Chiarot and loses puck.
17:23 of 2nd period - Slapshot by Auston Matthews.
17:23 of 2nd period - Shot Blocked by Mark Jankowski.
17:25 of 2nd period - Snap shot by Matt Roy.
17:25 of 2nd period - Shot Misses the Net.
17:27 of 2nd period - Snap shot by Bryan Rust.
17:27 of 2nd period - Goal by Bryan Rust - Arizona Coyotes : 1 - Philadelphia Flyers : 3.
17:28 of 2nd period - Radek Faksa wins face-off versus Mason McTavish in neutral zone.
17:31 of 2nd period - Slapshot by Trevor van Riemsdyk.
17:31 of 2nd period - Shot Misses the Net.
17:33 of 2nd period - Minor Penalty to Mason McTavish for Interference.
17:34 of 2nd period - Auston Matthews wins face-off versus Charlie Coyle in Arizona Coyotes zone.
17:35 of 2nd period - Snap shot by Vladimir Tarasenko.
17:35 of 2nd period - Shot Misses the Net.
17:37 of 2nd period - Slapshot by Tyler Johnson.
17:37 of 2nd period - Stopped by Petr Mrazek without a rebound.
17:38 of 2nd period - Auston Matthews wins face-off versus Charlie Coyle in Arizona Coyotes zone.
18:48 of 2nd period - Off-side.
18:49 of 2nd period - Charlie Coyle wins face-off versus Andrew Copp in neutral zone.
18:58 of 2nd period - Wrist shot by Alexander Wennberg.
18:58 of 2nd period - Stopped by Petr Mrazek with a rebound.
19:00 of 2nd period - Slapshot by Jonas Brodin.
19:00 of 2nd period - Shot Misses the Net.
19:14 of 2nd period - Alexander Wennberg is hit by Tyler Seguin and loses puck.
19:33 of 2nd period - Penalty to Mason McTavish is over, Mason McTavish is back on ice.
Goals for this period are 1 for Arizona Coyotes vs 3 for Philadelphia Flyers.
Shots for this period are 9 for Arizona Coyotes vs 23 for Philadelphia Flyers.
3rd period
0:01 of 3rd period - Casey Cizikas wins face-off versus Tyler Seguin in neutral zone.
0:11 of 3rd period - Minor Penalty to Tyler Seguin for Tripping.
0:12 of 3rd period - Andrew Copp wins face-off versus Charlie Coyle in Arizona Coyotes zone.
1:47 of 3rd period - Brandon Tanev is hit by Jack McBain and loses puck.
2:11 of 3rd period - Penalty to Tyler Seguin is over, Tyler Seguin is back on ice.
2:26 of 3rd period - Snap shot by Mark Jankowski.
2:26 of 3rd period - Stopped by Jake Allen with a rebound.
2:28 of 3rd period - Snap shot by Ondrej Palat.
2:28 of 3rd period - Shot Misses the Net.
2:50 of 3rd period - Sonny Milano is hit by Mats Zuccarello and loses puck.
3:38 of 3rd period - Slapshot by Jani Hakanpaa.
3:38 of 3rd period - Shot Misses the Net.
4:09 of 3rd period - Snap shot by Mark Jankowski.
4:09 of 3rd period - Stopped by Jake Allen with a rebound.
4:11 of 3rd period - Wrist shot by Jakob Silfverberg.
4:11 of 3rd period - Shot Misses the Net.
4:37 of 3rd period - Slapshot by Mason McTavish.
4:37 of 3rd period - Stopped by Jake Allen with a rebound.
4:39 of 3rd period - Slapshot by Jani Hakanpaa.
4:39 of 3rd period - Shot Misses the Net.
4:51 of 3rd period - Radek Faksa is hit by Mats Zuccarello and loses puck.
5:27 of 3rd period - Brandon Tanev is hit by Connor Murphy and loses puck.
5:52 of 3rd period - Slapshot by Ondrej Palat.
5:52 of 3rd period - Shot Blocked by Matt Roy.
5:54 of 3rd period - Slapshot by Radko Gudas.
5:54 of 3rd period - Deflect By Matt Duchene.
5:54 of 3rd period - Stopped by Jake Allen with a rebound.
5:56 of 3rd period - Slapshot by Brayden McNabb.
5:56 of 3rd period - Shot Blocked by Alexander Wennberg.
6:02 of 3rd period - Minor Penalty to Ben Chiarot for Hooking.
6:03 of 3rd period - Charlie Coyle wins face-off versus Casey Cizikas in Philadelphia Flyers zone.
6:18 of 3rd period - Slapshot by Matt Roy.
6:18 of 3rd period - Stopped by Petr Mrazek without a rebound.
6:19 of 3rd period - Radek Faksa wins face-off versus Mason McTavish in Arizona Coyotes zone.
6:45 of 3rd period - Wrist shot by Mats Zuccarello.
6:45 of 3rd period - Stopped by Jake Allen without a rebound.
6:46 of 3rd period - Casey Cizikas wins face-off versus Charlie Coyle in Philadelphia Flyers zone.
6:46 of 3rd period - Casey Cizikas is hit by Mats Zuccarello.
8:02 of 3rd period - Penalty to Ben Chiarot is over, Ben Chiarot is back on ice.
8:08 of 3rd period - Icing by Vladimir Tarasenko.
8:09 of 3rd period - Auston Matthews wins face-off versus Brandon Tanev in Philadelphia Flyers zone.
8:34 of 3rd period - Slapshot by Ryan Donato.
8:34 of 3rd period - Stopped by Jake Allen without a rebound.
8:35 of 3rd period - Radek Faksa wins face-off versus Charlie Coyle in Philadelphia Flyers zone.
9:28 of 3rd period - Slapshot by Ross Colton.
9:28 of 3rd period - Stopped by Jake Allen with a rebound.
9:30 of 3rd period - Slapshot by Matt Dumba.
9:30 of 3rd period - Deflect By Ross Colton.
9:30 of 3rd period - Shot Blocked by Bryan Rust.
9:30 of 3rd period - Puck is out of play.
9:31 of 3rd period - Charlie Coyle wins face-off versus Casey Cizikas in Philadelphia Flyers zone.
9:32 of 3rd period - Snap shot by Mats Zuccarello.
9:32 of 3rd period - Stopped by Jake Allen with a rebound.
9:34 of 3rd period - Snap shot by Charlie Coyle.
9:34 of 3rd period - Shot Misses the Net.
9:36 of 3rd period - Slapshot by Jared Spurgeon.
9:36 of 3rd period - Shot Misses the Net.
9:38 of 3rd period - Snap shot by Tyler Seguin.
9:38 of 3rd period - Goal by Tyler Seguin - Arizona Coyotes : 2 - Philadelphia Flyers : 3.
9:39 of 3rd period - Charlie Coyle wins face-off versus Tyler Johnson in neutral zone.
10:04 of 3rd period - Mason McTavish is hit by Sean Kuraly and loses puck.
10:09 of 3rd period - Snap shot by Sonny Milano.
10:09 of 3rd period - Shot Blocked by Erik Haula.
10:11 of 3rd period - Slapshot by Sean Kuraly.
10:11 of 3rd period - Stopped by Petr Mrazek without a rebound.
10:12 of 3rd period - Auston Matthews wins face-off versus Charlie Coyle in Arizona Coyotes zone.
10:23 of 3rd period - Slapshot by Auston Matthews.
10:23 of 3rd period - Shot Blocked by Radko Gudas.
10:29 of 3rd period - Vladimir Tarasenko is hit by Radko Gudas and loses puck.
11:52 of 3rd period - Icing by Matt Dumba.
11:53 of 3rd period - Casey Cizikas wins face-off versus Charlie Coyle in Arizona Coyotes zone.
11:54 of 3rd period - Wrist shot by Tyler Johnson.
11:54 of 3rd period - Stopped by Petr Mrazek without a rebound.
11:55 of 3rd period - Charlie Coyle wins face-off versus Casey Cizikas in Arizona Coyotes zone.
11:55 of 3rd period - Charlie Coyle is hit by Ben Chiarot.
12:03 of 3rd period - Slapshot by Jared Spurgeon.
12:03 of 3rd period - Stopped by Jake Allen with a rebound.
12:05 of 3rd period - Slapshot by Jared Spurgeon.
12:05 of 3rd period - Goal by Jared Spurgeon - Arizona Coyotes : 3 - Philadelphia Flyers : 3.
12:06 of 3rd period - Charlie Coyle wins face-off versus Casey Cizikas in neutral zone.
12:15 of 3rd period - Slapshot by Jack McBain.
12:15 of 3rd period - Stopped by Petr Mrazek without a rebound.
12:16 of 3rd period - Charlie Coyle wins face-off versus Jack McBain in Arizona Coyotes zone.
12:31 of 3rd period - Snap shot by Tyler Johnson.
12:31 of 3rd period - Stopped by Petr Mrazek without a rebound.
12:32 of 3rd period - Mason McTavish wins face-off versus Andrew Copp in Arizona Coyotes zone.
12:59 of 3rd period - Sonny Milano is hit by Jani Hakanpaa and loses puck.
13:24 of 3rd period - Slapshot by Jared Spurgeon.
13:24 of 3rd period - Shot Misses the Net.
13:26 of 3rd period - Snap shot by Ross Colton.
13:26 of 3rd period - Shot Misses the Net.
13:28 of 3rd period - Slapshot by Jared Spurgeon.
13:28 of 3rd period - Shot Blocked by Justin Faulk.
13:30 of 3rd period - Wrist shot by Ross Colton.
13:30 of 3rd period - Deflect By Ryan Donato.
13:30 of 3rd period - Stopped by Jake Allen without a rebound.
13:31 of 3rd period - Casey Cizikas wins face-off versus Mason McTavish in Philadelphia Flyers zone.
14:00 of 3rd period - Brayden McNabb is hit by Ben Chiarot and loses puck.
14:11 of 3rd period - Snap shot by Tyler Johnson.
14:11 of 3rd period - Shot Blocked by Brayden McNabb.
14:35 of 3rd period - Snap shot by Zach Parise.
14:35 of 3rd period - Stopped by Jake Allen with a rebound.
14:58 of 3rd period - Wrist shot by Ross Colton.
14:58 of 3rd period - Shot Blocked by Jack McBain.
15:08 of 3rd period - Wrist shot by Ross Colton.
15:08 of 3rd period - Stopped by Jake Allen with a rebound.
15:10 of 3rd period - Wrist shot by Ryan Donato.
15:10 of 3rd period - Shot Misses the Net.
15:30 of 3rd period - Snap shot by Matt Roy.
15:30 of 3rd period - Deflect By Tyler Johnson.
15:30 of 3rd period - Shot Misses the Net.
15:30 of 3rd period - Puck is out of play.
15:31 of 3rd period - Charlie Coyle wins face-off versus Radek Faksa in Arizona Coyotes zone.
16:33 of 3rd period - Jared Spurgeon is hit by Justin Faulk and loses puck.
17:05 of 3rd period - Snap shot by Jared Spurgeon.
17:05 of 3rd period - Shot Blocked by Jonas Brodin.
17:07 of 3rd period - Slapshot by Jani Hakanpaa.
17:07 of 3rd period - Goal by Jani Hakanpaa - Arizona Coyotes : 4 - Philadelphia Flyers : 3.
17:08 of 3rd period - Radek Faksa wins face-off versus Charlie Coyle in neutral zone.
17:11 of 3rd period - Slapshot by Trevor van Riemsdyk.
17:11 of 3rd period - Shot Blocked by Matt Dumba.
17:13 of 3rd period - Wrist shot by Sean Kuraly.
17:13 of 3rd period - Shot Misses the Net.
17:15 of 3rd period - Snap shot by Sean Kuraly.
17:15 of 3rd period - Shot Misses the Net.
17:58 of 3rd period - Ross Colton is hit by Ben Chiarot.
18:01 of 3rd period - Off-side.
18:02 of 3rd period - Andrew Copp wins face-off versus Zach Parise in neutral zone.
18:05 of 3rd period - Snap shot by Alexander Wennberg.
18:05 of 3rd period - Shot Misses the Net.
18:15 of 3rd period - Wrist shot by Ross Colton.
18:15 of 3rd period - Shot Misses the Net.
18:33 of 3rd period - Charlie Coyle is hit by Radek Faksa and loses puck.
18:36 of 3rd period - Philadelphia Flyers, Jake Allen is pulled from the net.
18:54 of 3rd period - Slapshot by Trevor van Riemsdyk.
18:54 of 3rd period - Shot Misses the Net.
18:56 of 3rd period - Slapshot by Trevor van Riemsdyk.
18:56 of 3rd period - Shot Blocked by Radko Gudas.
18:58 of 3rd period - Slapshot by Tyler Johnson.
18:58 of 3rd period - Shot Misses the Net.
19:20 of 3rd period - Slapshot by Auston Matthews.
19:20 of 3rd period - Deflect By Mats Zuccarello.
19:20 of 3rd period - Stopped by Petr Mrazek with a rebound.
19:22 of 3rd period - Snap shot by Auston Matthews.
19:22 of 3rd period - Stopped by Petr Mrazek without a rebound.
19:23 of 3rd period - Todd McLellan call a timeout for Philadelphia Flyers.
19:23 of 3rd period - Auston Matthews wins face-off versus Charlie Coyle in Arizona Coyotes zone.
Goals for this period are 3 for Arizona Coyotes vs 0 for Philadelphia Flyers.
Shots for this period are 15 for Arizona Coyotes vs 7 for Philadelphia Flyers.
Back to the Top